 Dungeon Crawl Stone Soup version 0.30-a0-365-ge7f957f1db (webtiles) character file.

Game seed: 2560937255679402173

103689 lesbiats the Brawler (level 15, -3/153 HPs)
             Began as a Troll Fighter on Nov 17, 2022.
             Was a High Priest of Wu Jian.
             Killed from afar by a deep elf zephyrmancer (24 damage)
             ... with a bolt of lightning
             ... on level 1 of the Elven Halls on Nov 18, 2022.
             The game lasted 02:20:49 (24798 turns).

lesbiats the Brawler (Troll Fighter)               Turns: 24798, Time: 02:20:51

Health: -3/153     AC: 10    Str: 28    XL:     15   Next: 89%
Magic:  18/18      EV:  8    Int: 10    God:    Wu Jian [*****.]
Gold:   563        SH: 14    Dex:  4    Spells: 8/19 levels left

rFire   + + .      SeeInvis .      - Unarmed
rCold   . . .      Faith    .    d - +0 kite shield
rNeg    + . .      Spirit   .    P - +0 fire dragon scales
rPois   +          Reflect  +    (helmet restricted)
rElec   .          Harm     .    (no cloak)
rCorr   +          Rampage  .    (gloves unavailable)
Will    ++...      Rage     3%   (boots unavailable)
Stlth   ..........               o - amulet of reflection
HPRegen 1.25/turn                O - ring "Mafurgh" {rPois rC+ Will+ Dex-5}
MPRegen 0.16/turn                E - ring of the Endless Expanse {Wiz rN+ rCorr Slay+2}

@: studying Unarmed Combat
A: large, unfitting armour, claws 3, regeneration 1, shaggy fur 1, tough skin 1,
berserk 1
a: Renounce Religion, Wall Jump, Serpent's Lash, Heavenly Storm


You were on level 1 of the Elven Halls.
You worshipped Wu Jian.
Wu Jian was extremely pleased with you.
You visited 5 branches of the dungeon, and saw 21 of its levels.
You also visited: Bailey.

You collected 2523 gold pieces.
You spent 1960 gold pieces at shops.

Inventory:

Hand Weapons
 b - a +6 scimitar of flaming
Missiles
 i - a large rock
 m - 3 silver boomerangs
 p - 13 poisoned darts
 B - 3 throwing nets
 C - 3 silver javelins
 N - 13 boomerangs (quivered)
 R - 3 boomerangs of dispersal
 T - 5 datura-tipped darts
 U - 3 javelins
Armour
 d - a +0 kite shield (worn)
 s - a +2 robe of willpower
 P - +0 fire dragon scales (worn)
 Z - a +2 robe of cold resistance
Jewellery
 o - an amulet of reflection (around neck)
 v - a +6 ring of strength
 E - the ring of the Endless Expanse (right claw) {Wiz rN+ rCorr Slay+2}
   (You acquired it on level 4 of the Lair of Beasts)

   [ring of wizardry]

   It improves your spell success rate.
   Slay:      It affects your accuracy & damage with ranged weapons and melee
   (+2).
   rN:        It protects you from negative energy.
   rCorr:     It protects you from acid and corrosion.
 M - a ring of protection from fire
 O - the ring "Mafurgh" (left claw) {rPois rC+ Will+ Dex-5}
   (You bought it in a shop on level 2 of the Orcish Mines)

   [ring of poison resistance]

   Dex:       It affects your dexterity (-5).
   rC:        It protects you from cold.
   rPois:     It protects you from poison.
   Will:      It increases your willpower.
 S - a +6 ring of strength
 Y - the ring "Jeesug" {Fly MP+9}
   (You bought it in a shop on level 2 of the Orcish Mines)

   [ring of flight]

   MP:        It affects your magic capacity (+9).
   Fly:       It grants you flight.
Wands
 w - a wand of roots (1)
 F - a wand of polymorph (1)
 G - a wand of paralysis (8)
 J - a wand of digging (5)
 X - a wand of light (3)
Scrolls
 h - 2 scrolls of vulnerability
 l - 7 scrolls of teleportation
 n - 3 scrolls of poison
 q - 3 scrolls of brand weapon
 r - a scroll of enchant weapon
 t - 6 scrolls of magic mapping
 u - a scroll of silence {unknown}
 x - a scroll of butterflies {unknown}
 y - 3 scrolls of enchant armour
 A - 5 scrolls of torment
 H - 4 scrolls of fear
 K - a scroll of noise {unknown}
 V - a scroll of immolation {unknown}
Potions
 a - 2 potions of resistance
 c - a potion of might
 e - 13 potions of curing
 f - 3 potions of attraction
 g - a potion of invisibility
 j - 3 potions of flight
 k - 5 potions of berserk rage
 z - 3 potions of heal wounds
 D - 2 potions of mutation
 L - 2 potions of haste
 Q - a potion of cancellation
Miscellaneous
 I - a phantom mirror
 W - a condenser vane


   Skills:
 - Level 11.0 Fighting
 - Level 9.4 Dodging
 - Level 12.0 Shields
 - Level 18.2 Unarmed Combat
 + Level 2.9 Spellcasting
 + Level 3.5 Transmutations
 + Level 4.3 Earth Magic


You had 8 spell levels left.
You knew the following spells:

 Your Spells              Type           Power      Damage    Failure   Level
b - Blink                 Tloc           2%         N/A       58%         2
g - Apportation           Tloc           2%         N/A       45%         1
s - Statue Form           Tmut/Erth      6%         N/A       100%        6
w - Wereblood             Tmut           8%         N/A       19%         2

Your spell library contained the following spells:

 Spells                   Type           Power      Damage    Failure   Level
 Sandblast                Erth           20%        2d7       9%          1
 Sting                    Tmut/Pois      20%        1d4       26%         1
 Necrotise                Necr           4%         1d4       45%         1
 Summon Small Mammal      Summ           4%         N/A       45%         1
 Cigotuvi's Dreadful Rot  Necr/Pois/Air  2%         N/A       58%         2
 Momentum Strike          Conj/Tloc      2%         3d8       58%         2
 Poisonous Vapours        Pois/Air       2%         N/A       58%         2
 Sublimation of Blood     Necr           1%         N/A       58%         2
 Call Canine Familiar     Summ           1%         N/A       82%         3
 Lesser Beckoning         Tloc           2%         N/A       82%         3
 Summon Guardian Golem    Hex/Summ       1%         N/A       82%         3
 Vampiric Draining        Necr           1%         2d6       82%         3
 Animate Armour           Summ/Erth      10%        N/A       88%         4
 Leda's Liquefaction      Hex/Erth       2%         N/A       88%         4
 Blade Hands              Tmut           4%         N/A       96%         5
 Dispel Undead            Necr           1%         3d6       99%         4
 Olgreb's Toxic Radiance  Pois           1%         N/A       99%         4
 Summon Ice Beast         Ice/Summ       1%         N/A       99%         4
 Agony                    Necr           1%         N/A       100%        5
 Freezing Cloud           Conj/Ice/Air   0%         6-21      100%        5
 Summon Mana Viper        Hex/Summ       1%         N/A       100%        5
 Death Channel            Necr           0%         N/A       100%        6
 Iron Shot                Conj/Erth      2%         9d2       100%        6
 Simulacrum               Ice/Necr       0%         N/A       100%        6
 Monstrous Menagerie      Summ           0%         N/A       100%        7
 Summon Hydra             Summ           0%         N/A       100%        7
 Polar Vortex             Ice            0%         N/A       100%        9


Dungeon Overview and Level Annotations

Branches:
Dungeon (12/15)            Temple (1/1) D:6            Lair (5/5) D:9
 Shoals (0/4) Lair:2       Spider (0/4) Lair:2        Slime (0/5) Lair:5
    Orc (2/2) D:12            Elf (1/3) Orc:2        Bailey (visited)

Altars:
Ashenzari
Cheibriados
Dithmenos
Elyvilon
Fedhas
Gozag
Hepliaklqana
Kikubaaqudgha
Makhleb
Nemelex Xobeh
Okawaru
Qazlal
Ru
Sif Muna
Trog
Uskayaw
Vehumet
Wu Jian
Xom
Yredelemnul
Zin
The Shining One

Shops:
D:4 ![   D:11 (   Orc:2 *(=[

Annotations:
Orc:1 2 transporters, Epadeh's ghost, journeyman HOFi


Innate Abilities, Weirdness & Mutations

You are too large for most types of armour.
You have claws for hands.
Your natural rate of healing is unusually fast.
You are covered in fur. (AC +1)
You have tough skin. (AC +1)
You sometimes lose your temper in combat.


Message History

Throw: 2 large rocks
Press: ? - help, Shift-Dir - straight line, f/p - deep elf sorcerer
Aim: a deep elf sorcerer, wielding a +0 rapier and wearing a +0 leather armour (severely wounded, fast, 50% to hit)
You throw a large rock.
The large rock hits the deep elf sorcerer!!
The deep elf sorcerer is almost dead.
The deep elf sorcerer points at you and mumbles some strange words.
You easily resist.
The deep elf zephyrmancer mumbles some strange words.
The deep elf zephyrmancer blinks!
The deep elf zephyrmancer casts a spell.
The deep elf zephyrmancer blinks!
A deep elf knight comes into view. It is wielding a +0 long sword.
The deep elf sorcerer wildly gestures.
You feel troubled.
The deep elf zephyrmancer gestures at you while chanting.
The bolt of lightning hits you!!!
* * * LOW HITPOINT WARNING * * *
The deep elf zephyrmancer mumbles some strange words.
The deep elf zephyrmancer blinks!
A deep elf annihilator comes into view. It is wielding a +0 short sword.
You spin and attack the deep elf sorcerer.
You miss the deep elf sorcerer.
The deep elf sorcerer is almost dead.
The deep elf annihilator shouts!
The deep elf pyromancer casts a spell at you.
The bolt of fire hits you. You resist.
* * * LOW HITPOINT WARNING * * *
The bolt of fire hits something!
The deep elf zephyrmancer gestures at you while chanting.
The bolt of lightning hits you!!
* * * LOW HITPOINT WARNING * * *
You hear some strange, mumbled words.
You mangle the deep elf sorcerer!!
You kill the deep elf sorcerer!
The Council accepts your kill. You block something's attack.
The deep elf zephyrmancer casts a spell at you.
The bolt of lightning hits you!!
You die...

#. #..........#
#.##...........
##.>...........#
##..###.e.......#
................#
#.##.#.........#
#.#............#
##?......<......#
.......@).......#
..........#######
...............#
.....(.ee.e.##.#
.....(.....e# #
..............
.....(......e..
###............


You could see a deep elf annihilator, a deep elf knight, 2 deep elf pyromancers
and 2 deep elf zephyrmancers.

Vanquished Creatures
  A deep elf sorcerer (Elf:1)
  3 orc warlords
  The ghost of Darkkill the Fighter, a journeyman MiHu of Nemelex Xobeh (Lair:1)
  The ghost of ytrimaz the Protected, a journeyman FoFi of Okawaru (D:12)
  Fannar (D:12)
  7 hydras
  2 vault guards (Bailey)
  An ice dragon (Lair:5)
  Erica (D:8)
  A centaur warrior (D:12)
  An ogre mage (Orc:2)
  A boulder beetle (D:12)
  8 two-headed ogres
  7 death yaks
  3 orc high priests
  Amaemon (D:8)
  Lodul (D:12)
  A deep troll (shapeshifter) (D:7)
  2 lindwurms (Lair:5)
  4 orc knights (Orc:2)
  A deep elf pyromancer (D:10)
  5 orc sorcerers
  5 black mambas
  A cyclops (D:11)
  Maurice (D:8)
  5 elephants (Lair:3)
  A manticore (D:12)
  Joseph (D:9)
  An orange demon (D:7)
  17 cane toads
  7 torpor snails
  12 komodo dragons
  A rime drake (Lair:3)
  4 polar bears
  8 trolls
  A slime creature (Lair:5)
  4 tyrant leeches (Lair:5)
  11 hornets
  Prince Ribbit (Bailey)
  13 dream sheep (Lair:5)
  3 jumping spiders (Lair:2)
  2 culicivoras (Lair:2)
  A snapping turtle (Lair:2)
  A ynoxinul (D:12)
  2 shadows (D:10)
  3 wraiths
  A vampire (D:12)
  6 humans (Bailey)
  43 yaks
  6 wyverns
  A redback (Lair:2)
  A steam dragon (D:7)
  4 basilisks (Lair:5)
  7 vampire mosquitoes (D:12)
  8 wargs
  10 water moccasins
  A hell hound (D:10)
  2 black bears
  3 ice beasts
  42 orc warriors
  3 sky beasts
  8 wolves
  13 ogres
  13 centaurs
  2 phantoms
  2 kobold brigands
  2 necrophages
  17 bullfrogs
  A scorpion (D:6)
  5 wights
  The ghost of Nerdsrcool the Shield-Bearer, a weakling TrFi (D:3)
  7 killer bees
  4 electric eels
  2 howler monkeys (D:5)
  5 jellies
  10 hounds
  A gnoll bouda (D:7)
  18 orc priests
  3 iguanas
  Natasha (thrice) (D:4)
  19 orc wizards
  6 hell rats (Lair:5)
  A mummy (D:12)
  16 adders
  11 gnolls
  2 shadow imps
  2 ufetubi (D:7)
  2 worms
  2 dart slugs
  89 orcs
  9 endoplasms
  4 giant cockroaches
  10 goblins
  3 hobgoblins
  4 jackals
  A quokka (D:4)
  8 ball pythons
  9 bats
  A frilled lizard (D:3)
  19 kobolds
  4 rats
637 creatures vanquished.

Vanquished Creatures (others)
  A bush (Lair:2)
  30 fungi
  32 plants
63 creatures vanquished.

Grand Total: 700 creatures vanquished

Notes
Turn   | Place    | Note
-------+----------+-------------------------------------------
     0 | D:1      | lesbiats the Troll Fighter began the quest for the Orb.
     0 | D:1      | Reached XP level 1. HP: 22/22 MP: 0/0
    18 | D:1      | Found a faded altar of an unknown god.
    56 | D:1      | Reached XP level 2. HP: 29/29 MP: 1/1
   484 | D:1      | Reached XP level 3. HP: 36/36 MP: 2/2
   573 | D:2      | Reached skill level 3 in Unarmed Combat
   692 | D:2      | Reached XP level 4. HP: 44/44 MP: 3/3
  1297 | D:3      | Found a runed translucent door.
  1302 | D:3      | Noticed Nerdsrcool's ghost (weakling TrFi)
  1354 | D:3      | Found an iron altar of Okawaru.
  1723 | D:3      | Reached skill level 4 in Unarmed Combat
  1734 | D:3      | Killed Nerdsrcool's ghost
  1735 | D:3      | Reached XP level 5. HP: 31/53 MP: 4/4
  1819 | D:4      | Found Turaxzu's Antique Armour Shoppe.
  1827 | D:4      | Bought an embroidered robe for 85 gold pieces
  1967 | D:4      | Noticed Natasha
  1981 | D:4      | Killed Natasha
  1982 | D:4      | Reached XP level 6. HP: 61/61 MP: 5/5
  1995 | D:4      | Noticed Natasha
  2003 | D:4      | Killed Natasha
  2069 | D:4      | Noticed Natasha
  2076 | D:4      | Killed Natasha
  2096 | D:4      | Reached skill level 5 in Unarmed Combat
  2331 | D:4      | Reached XP level 7. HP: 59/68 MP: 6/6
  2400 | D:4      | Found Coulum's Distillery.
  2405 | D:4      | Bought a potion of flight for 36 gold pieces
  2405 | D:4      | Bought a potion of heal wounds for 60 gold pieces
  2893 | D:5      | Entered Level 5 of the Dungeon
  3035 | D:5      | Reached skill level 6 in Unarmed Combat
  3767 | D:4      | Bought a potion of curing for 36 gold pieces
  3813 | D:6      | Reached skill level 5 in Shields
  3813 | D:6      | Reached XP level 8. HP: 52/79 MP: 7/7
  3842 | D:6      | Reached skill level 7 in Unarmed Combat
  4200 | D:6      | Found a runed translucent door.
  4259 | D:6      | Found a staircase to the Ecumenical Temple.
  4274 | Temple   | Entered the Ecumenical Temple
  4512 | D:6      | Noticed a two-headed ogre
  4523 | D:6      | Killed a two-headed ogre
  4524 | D:6      | Reached skill level 5 in Fighting
  4524 | D:6      | Reached skill level 8 in Unarmed Combat
  4579 | D:6      | Reached XP level 9. HP: 88/88 MP: 8/8
  4867 | D:6      | Reached skill level 9 in Unarmed Combat
  5739 | D:7      | Identified the +7 flail "Pizawn" {vorpal, rPois Int-3
                  | Dex+9}
  5756 | D:7      | Reached skill level 10 in Unarmed Combat
  5957 | D:7      | Found a transporter.
  5958 | D:7      | Found a transporter.
  5968 | D:7      | Noticed a komodo dragon
  5969 | D:7      | Found a white marble altar of Elyvilon.
  6013 | D:7      | a komodo dragon changed into a dream sheep
  6381 | D:8      | Noticed Erica
  6423 | D:8      | Killed Erica
  6424 | D:8      | Reached XP level 10. HP: 19/100 MP: 9/9
  6723 | D:8      | Noticed an orange demon
  7353 | D:7      | Killed an orange demon
  7462 | D:8      | Noticed Maurice
  7560 | D:8      | Killed Maurice
  7561 | D:8      | Reached skill level 11 in Unarmed Combat
  7973 | D:7      | a spriggan changed into a salamander
  7973 | D:7      | Noticed a salamander (shapeshifter)
  7986 | D:8      | Noticed a two-headed ogre
  7992 | D:8      | Killed a two-headed ogre
  8370 | D:8      | Noticed Amaemon
  8382 | D:8      | Killed Amaemon
  8498 | D:9      | Found a flagged portal.
  8610 | D:9      | Noticed Joseph
  8625 | D:9      | Killed Joseph
  8677 | Bailey   | Entered a bailey
  8693 | Bailey   | Reached XP level 11. HP: 85/109 MP: 10/10
  8779 | Bailey   | Reached skill level 12 in Unarmed Combat
  8921 | Bailey   | Noticed Prince Ribbit
  8921 | Bailey   | Noticed a vault guard
  8937 | Bailey   | Killed a vault guard
  8951 | Bailey   | Killed Prince Ribbit
  9034 | Bailey   | Noticed a vault guard
  9047 | Bailey   | Killed a vault guard
  9247 | D:4      | Bought an embroidered scarf for 184 gold pieces
  9551 | D:7      | Noticed a swamp dragon
  9672 | D:9      | Found a shimmering altar of Xom.
  9750 | D:9      | Reached skill level 5 in Dodging
 10393 | D:9      | Found a staircase to the Lair.
 10902 | D:10     | Entered Level 10 of the Dungeon
 10908 | D:10     | Noticed a two-headed ogre
 10923 | D:10     | Killed a two-headed ogre
 11017 | D:10     | Reached skill level 13 in Unarmed Combat
 11017 | D:10     | Reached XP level 12. HP: 122/122 MP: 11/11
 11018 | D:10     | Reached skill level 14 in Unarmed Combat
 11018 | D:10     | Reached XP level 13. HP: 131/131 MP: 12/12
 11288 | D:10     | Found a stormy altar of Qazlal.
 11290 | D:10     | Found a hide-covered altar of Uskayaw.
 11320 | D:10     | Found a radiant altar of Vehumet.
 11327 | D:10     | Found a basalt altar of Yredelemnul.
 11331 | D:10     | Found a broken altar of Ashenzari.
 11333 | D:10     | Found an opulent altar of Gozag.
 11342 | D:10     | Found a burning altar of Makhleb.
 11345 | D:10     | Found a sparkling altar of Nemelex Xobeh.
 11347 | D:10     | Found an ornate altar of the Wu Jian Council.
 11354 | D:10     | Became a worshipper of the Wu Jian Council
 11379 | D:10     | Reached skill level 10 in Shields
 11828 | D:11     | Found Lesipuipp's Weapon Boutique.
 12292 | D:11     | Reached * piety under Wu Jian
 12522 | D:11     | Found a glowing golden altar of the Shining One.
 12556 | D:12     | Found a snail-covered altar of Cheibriados.
 12697 | D:12     | Found a staircase to the Orcish Mines.
 12816 | D:12     | Reached skill level 15 in Unarmed Combat
 12939 | D:12     | Noticed Fannar
 13016 | D:12     | Killed Fannar
 13170 | D:12     | Found a runed translucent door.
 13170 | D:12     | Noticed ytrimaz's ghost (journeyman FoFi)
 13328 | D:12     | Noticed Lodul
 13857 | Lair:1   | Entered Level 1 of the Lair of Beasts
 14118 | Lair:1   | Reached XP level 14. HP: 105/140 MP: 13/13
 14503 | Lair:1   | Found a runed translucent door.
 14503 | Lair:1   | Noticed Darkkill's ghost (journeyman MiHu)
 14604 | Lair:1   | Killed Darkkill's ghost
 15108 | Lair:2   | Found a staircase to the Shoals.
 15277 | Lair:2   | Found a hole to the Spider Nest.
 16565 | Lair:3   | Reached skill level 10 in Fighting
 16667 | Lair:3   | Reached ** piety under Wu Jian
 16672 | Lair:3   | Reached skill level 16 in Unarmed Combat
 18678 | Lair:4   | Reached *** piety under Wu Jian
 18718 | Lair:4   | Identified 2 scrolls of acquirement
 19150 | Lair:4   | Acquired the ring of the Endless Expanse {Wiz rN+ rCorr
                  | Slay+2}
 19154 | Lair:4   | Acquired a manual of Unarmed Combat
 19338 | Lair:5   | Entered Level 5 of the Lair of Beasts
 19465 | Lair:5   | Reached skill level 17 in Unarmed Combat
 19695 | Lair:5   | Found a runed translucent door.
 19733 | Lair:5   | Reached XP level 15. HP: 127/144 MP: 14/14
 19837 | Lair:5   | Paralysed by a hornet for 2 turns
 19948 | Lair:5   | Paralysed by a hornet for 1 turns
 20283 | Lair:5   | Reached **** piety under Wu Jian
 20547 | Lair:5   | Reached skill level 18 in Unarmed Combat
 20637 | Lair:5   | Found a hide-covered altar of Uskayaw.
 20846 | Lair:5   | Found a staircase to the Slime Pits.
 21299 | D:12     | Killed Lodul
 21397 | D:12     | Reached ***** piety under Wu Jian
 21466 | D:12     | Killed ytrimaz's ghost
 21477 | D:12     | Got Sif Muna's Directory of Excavation
 21664 | D:7      | Learned a level 6 spell: Statue Form
 21667 | D:7      | Learned a level 2 spell: Wereblood
 21670 | D:7      | Learned a level 2 spell: Blink
 21672 | D:7      | Learned a level 1 spell: Apportation
 22084 | D:12     | Reached skill level 1 in Earth Magic
 22429 | Orc:1    | Entered Level 1 of the Orcish Mines
 22458 | D:12     | Reached skill level 1 in Transmutations
 22577 | Orc:1    | Reached skill level 1 in Spellcasting
 22682 | Orc:2    | Entered Level 2 of the Orcish Mines
 22722 | Orc:2    | Found Zicwe Natuth's Jewellery Boutique.
 22739 | Orc:2    | Gained mutation: You sometimes lose your temper in combat.
                  | [a neqoxec]
 22811 | Orc:2    | Bought the ring "Mafurgh" {rPois rC+ Will+ Dex-5} for 465
                  | gold pieces
 22811 | Orc:2    | Bought the ring "Jeesug" {Fly MP+9} for 694 gold pieces
 22864 | Orc:2    | Found Kax Berch's Antique Weapon Boutique.
 23098 | Orc:2    | Bought a ring of protection from fire for 400 gold pieces
 23201 | Orc:2    | Found Gaida's General Store.
 23390 | Orc:2    | Found Huskyl's Antique Armour Shoppe.
 23651 | Orc:1    | Noticed Epadeh's ghost (journeyman HOFi)
 23664 | Orc:1    | Found a transporter.
 23684 | Orc:1    | Found a transporter.
 24514 | Orc:2    | Found a staircase to the Elven Halls.
 24791 | Elf:1    | Entered Level 1 of the Elven Halls
 24793 | Elf:1    | Noticed a deep elf sorcerer
 24798 | Elf:1    | Killed a deep elf sorcerer
 24798 | Elf:1    | Killed from afar by a deep elf zephyrmancer

Illustrated notes

Levels and vault maps discovered:
D:1:      scummos_arrival_forest, layout_basic, ebering_ecumenical_altar_rust
D:2:      layout_rooms
D:3:      cheibrodos_old_hovel, layout_basic, mainiacjoe_overflow_boulevard,
          ebering_ghost_sewer_d, corexii_item_surrounded_by_moat
D:4:      minmay_chambers_of_fours, layout_loops_cross, serial_shops, shop,
          nicolae_shop_hallway_stairs, guppyfry_early_lair_pool, uniq_natasha
D:5:      layout_basic
D:6:      layout_loops_ring, minmay_temple_entry_glass, minivault_23,
          nicolae_lava_and_water, chequers_serial_rivers_micro_d,
          lightli_church_of_beogh
D:7:      layout_basic, gammafunk_temple_overflow_arena, minmay_starry_boxes
D:8:      layout_loops_ring, uniq_erica, uniq_maurice, uniq_amaemon
D:9:      layout_long_grid, old_standard_altar, erik_lair_island,
          enter_bailey_2, uniq_joseph
D:10:     lemuel_flame_loot_2, layout_rooms,
          nicolae_overflow_hallway_of_the_gods, nicolae_figureground_pulse
D:11:     layout_roguey, serial_shops, nicolae_shop_bloodbath_and_beyond,
          tso_oasis_becter
D:12:     layout_stronghold, orc_0_dummy, hellmonk_ghost_big_iron, slow_altar_1,
          uniq_lodul, uniq_fannar
Temple:   zaba_magenta_temple
Lair:1:   layout_cave_shapes, hellmonk_ghost_happy_afterlife, grunt_megastairs_5
Lair:2:   layout_regular_city, minmay_shoals_entry_hut,
          nicolae_spider_entry_tight_spaces, serial_forest,
          infiniplex_forest_lined_ring, infiniplex_forest_end_double,
          infiniplex_forest_straight_2, infiniplex_forest_straight_1,
          infiniplex_forest_clump_small, serial_bayou_shore_b,
          infiniplex_staircase_pool
Lair:3:   layout_cave_shapes
Lair:4:   layout_small_grid, grunt_megastairs_1
Lair:5:   wormcave, layout_cave_pods, minmay_slime_entry_pillars, basic_altar,
          nicolae_lair_grove_arrangements, infiniplex_staircase_pool_2
Orc:1:    layout_diamond_mine, gammafunk_ghost_stat_death, basic_altar
Orc:2:    grunt_orc_gardens, layout_diamond_mine, grunt_orc_garden,
          grunt_orc_garden, grunt_orc_garden, grunt_orc_garden, mines1_david
Elf:1:    layout_loops_cross, hangedman_corner_corridor,
          nicolae_elf_elemental_lessons, uniq_zenata

Skill      XL: |  1  2  3  4  5  6  7  8  9 10 11 12 13 14 15 |
---------------+----------------------------------------------+-----
Shields        | 3 4 5 7 8 9 10 11 12 | 12.0
Unarmed Combat | 3 4 5 6 8 10 11 13 14 15 17 18 | 18.2
Fighting       | 3 4 5 6 7 8 9 10 11 | 11.0
Dodging        | 3 4 6 7 8 9 |  9.4
Earth Magic    | 4 |  4.3
Transmutations | 3 |  3.5
Spellcasting   | 2 |  2.9

Action                   |  1- 3 |  4- 6 |  7- 9 | 10-12 | 13-15 || total
-------------------------+-------+-------+-------+-------+-------++-------
Melee: Unarmed           |    82 |   143 |   300 |   242 |  1150 ||  1917
       Flail             |       |       |    47 |    56 |       ||   103
       Scimitar          |       |       |       |       |    37 ||    37
Throw: Dart              |       |       |     4 |    16 |    14 ||    34
       Large rock        |       |       |     3 |     4 |    26 ||    33
       Throwing net      |       |       |     2 |     1 |       ||     3
       Stone             |       |       |    13 |       |     4 ||    17
       Boomerang         |       |       |       |       |    21 ||    21
Invok: Whirlwind         |       |       |       |       |   290 ||   290
       Lunge             |       |       |       |       |   106 ||   106
       Heavenly Storm    |       |       |       |       |     2 ||     2
Evoke: Phantom mirror    |       |       |       |       |     1 ||     1
  Use: Scroll            |       |       |     8 |     8 |    22 ||    38
       Potion            |       |       |     3 |     6 |    13 ||    22
 Stab: Sleeping          |     1 |     1 |     2 |       |       ||     4
Armor: Robe              |    34 |    31 |    81 |    64 |   110 ||   320
       Fire dragon scale |       |       |       |       |    22 ||    22
Dodge: Dodged            |    23 |    36 |   102 |   127 |   297 ||   585
Block: Kite shield       |    25 |    47 |    96 |   170 |   623 ||   961
       Reflection        |       |       |       |       |     8 ||     8

Table legend: (Time is in decaauts)
 A = Elapsed time spent in this place.
 B = Non-inter-level travel time spent in this place.
 C = Inter-level travel time spent in this place.
 D = Time resting spent in this place.
 E = Time spent auto-exploring this place.
 F = Levels seen in this place.
 G = Mean time per level.
                   A        B        C        D        E       F      G
               +--------+--------+--------+--------+--------+-----+--------+
         Total |  24888 |  19274 |   5614 |   4325 |   8988 |  22 | 1131.3 |
       Dungeon |  15093 |  11765 |   3328 |   2332 |   5815 |  12 | 1257.8 |
        Temple |     73 |     55 |     18 |      0 |     50 |   1 |   73.0 |
          Lair |   7056 |   5168 |   1888 |   1285 |   2340 |   5 | 1411.2 |
  Orcish Mines |   2228 |   1849 |    379 |    543 |    751 |   2 | 1114.0 |
   Elven Halls |      9 |      9 |      0 |      0 |      0 |   1 |    9.0 |
        Bailey |    426 |    426 |      0 |    165 |     31 |   1 |  426.0 |
               +--------+--------+--------+--------+--------+-----+--------+

Top non-repeatable levels by time:
     D:8: 2053 daAuts
    D:12: 1972 daAuts
     D:7: 1960 daAuts
  Lair:3: 1784 daAuts
     D:6: 1732 daAuts
  Lair:5: 1679 daAuts
  Lair:2: 1375 daAuts
   Orc:2: 1357 daAuts
     D:4: 1286 daAuts
    D:11: 1214 daAuts
     D:9: 1167 daAuts
  Lair:1: 1118 daAuts
  Lair:4: 1098 daAuts
     D:5: 976 daAuts
    D:10: 894 daAuts
